 Dungeon Crawl Stone Soup version 0.27-a0-1149-g4505690ab0 (webtiles) character file.

Game seed: 6863373611669067817

610 robertstho the Quickloader (level 7, -1/43 HPs)
             Began as a Kobold Hunter on May 12, 2021.
             Slain by an orc
             ... wielding a +0 falchion
              (4 damage)
             ... on level 4 of the Dungeon.
             The game lasted 00:05:56 (4518 turns).

robertstho the Quickloader (Kobold Hunter)          Turns: 4518, Time: 00:05:57

Health: -1/43      AC: 10    Str:  8    XL:     7   Next: 72%
Magic:  7/7        EV:  2    Int: 12    God:
Gold:   149        SH:  0    Dex: 17    Spells: 6/6 levels left

rFire    . . .     SeeInvis .   c - +1 falchion (flame)
rCold    . . .     Faith    .   (shield restricted)
rNeg     . . .     Spirit   .   q - +0 plate armour
rPois    .         Reflect  .   (no helmet)
rElec    .         Harm     .   (no cloak)
rCorr    .         Rampage  .   (no gloves)
Will     .....                  (no boots)
Stlth    ..........             (no amulet)
HPRegen  0.14/turn              (no ring)
MPRegen  0.10/turn              (no ring)

@: no status effects
A: small, no large weapons, nightstalker 3, high mp 1, weak 1, wild magic 1
a: no special abilities


You were on level 4 of the Dungeon.
You visited 1 branch of the dungeon, and saw 4 of its levels.

You collected 149 gold pieces.

Inventory:

Hand Weapons
 a - a +1 hand crossbow
 c - a +1 falchion of flaming (weapon)
Missiles
 d - 2 bolts
 r - a throwing net (quivered)
Armour
 k - a +0 ring mail
 q - a +0 plate armour (worn)
Wands
 i - a wand of iceblast (5)
Scrolls
 b - a scroll of acquirement
 e - a scroll of magic mapping {unknown}
 g - 2 scrolls of amnesia {unknown}
 h - a scroll of noise {unknown}
 o - a scroll of identify {unknown}
 p - a scroll of teleportation {unknown}
Potions
 f - 3 potions of curing
 n - a potion of mutation


   Skills:
 * Level 4.0 Fighting
 + Level 1.0(1.4) Short Blades
 + Level 0.9(1.0) Long Blades
 * Level 8.3 Crossbows
 * Level 1.6 Armour
 + Level 2.6 Dodging
 * Level 4.1 Stealth


You had 6 spell levels left.
You didn't know any spells.
Your spell library contained the following spells:

 Spells                   Type           Power      Damage    Failure   Level
 Animate Skeleton         Necr           0%         N/A       100%        1
 Magic Dart               Conj           0%         1d3       100%        1
 Pain                     Necr           0%         1d4       100%        1
 Summon Small Mammal      Summ           0%         N/A       100%        1
 Call Imp                 Summ           0%         N/A       100%        2
 Searing Ray              Conj           0%         3d3       100%        2
 Call Canine Familiar     Summ           0%         N/A       100%        3
 Dazzling Flash           Conj/Hex       0%         N/A       100%        3
 Summon Guardian Golem    Hex/Summ       0%         N/A       100%        3
 Vampiric Draining        Necr           0%         2d6       100%        3
 Animate Dead             Necr           0%         N/A       100%        4
 Fulminant Prism          Conj/Hex       0%         3d6       100%        4
 Iskenderun's Mystic Bla  Conj/Tloc      0%         2d3       100%        4
 Summon Ice Beast         Ice/Summ       0%         N/A       100%        4
 Summon Lightning Spire   Summ/Air       0%         N/A       100%        4
 Agony                    Necr           0%         N/A       100%        5


Dungeon Overview and Level Annotations

Branches:
Dungeon (4/15)
 Temple: D:4-7

Altars:
Qazlal

Annotations:
D:4 Eustachio


Innate Abilities, Weirdness & Mutations

You are small and have problems with some larger weapons.
You are completely attuned to the shadows.
You have an increased reservoir of magic. (+10% MP)
You are weak. (Str -2)
Your spells are a little harder to cast, but a little more powerful.


Message History

You miss Eustachio.
Eustachio is almost dead.
The orc hits you but does no damage.
Eustachio gestures wildly while chanting.
The orc hits you with a +0 falchion.
You hit Eustachio but do no damage.
Eustachio is almost dead.
Eustachio hits you with a +0 rapier.
* * * LOW HITPOINT WARNING * * *
The orc hits you but does no damage.
Unknown command.
You feel much better. Eustachio barely misses you.
The crimson imp blinks!
The orc hits you with a +0 falchion.
It was a potion of mutation.
You feel extremely strange.
You feel more energetic.
You feel weaker.
You feel less in control of your magic. Eustachio hits you but does no damage.
The orc hits you but does no damage.
The crimson imp blinks!
It was a potion of magic.
Magic courses through your body.
The rat twitches its whiskers.
Eustachio hits you with a +0 rapier. The orc hits you with a +0 falchion.
It was a potion of cancellation.
You feel magically purged. Eustachio hits you with a +0 rapier.
The orc hits you but does no damage.
You hit Eustachio but do no damage.
Eustachio is almost dead.
Eustachio gestures wildly while chanting.
The orc hits you with a +0 falchion.
You hit Eustachio but do no damage.
Eustachio is almost dead.
Eustachio hits you with a +0 rapier.
* * * LOW HITPOINT WARNING * * *
The orc hits you with a +0 falchion.
* * * LOW HITPOINT WARNING * * *
The crimson imp blinks!
Eustachio hits you with a +0 rapier!
* * * LOW HITPOINT WARNING * * *
This is a scroll of acquirement!
Something appears at your feet!
The quasit disappears in a puff of smoke!
The orc hits you with a +0 falchion.
You die...

#.# #.# ####.####
........# ####.##.#
.....##.# ####.##.# @
#o##.# .. #@##.#
o.5#@##.# ...br##.#
...#5##.# ###### ..
...#..#.######.#.....
..g.. #.........#.#.##.#
##.####..######.#.#.#...
.....†..# #.#.#..###
.....#### #.††...# #


You could see Eustachio, a crimson imp (summoned), an orc, a bat (summoned) and
a rat (summoned).

Vanquished Creatures
  Sigmund (D:3)
  An ogre (D:3)
  A howler monkey (D:4)
  A centaur skeleton (D:4)
  2 hounds (D:3)
  A bullfrog skeleton (D:4)
  An orc wizard (D:4)
  A hound skeleton (D:3)
  6 adders
  A gnoll (D:3)
  A shadow imp (D:4)
  3 worms
  2 dart slugs
  7 orcs (D:4)
  3 bats
  4 endoplasms
  4 giant cockroaches
  7 goblins
  7 hobgoblins
  3 jackals (D:4)
  2 quokkas
  8 ball pythons
  5 frilled lizards
  4 kobolds
  6 rats
82 creatures vanquished.

Notes
Turn   | Place    | Note
-------+----------+-------------------------------------------
     0 | D:1      | robertstho the Kobold Hunter began the quest for the Orb.
     0 | D:1      | Reached XP level 1. HP: 12/12 MP: 1/1
    66 | D:1      | Reached skill level 5 in Crossbows
   101 | D:1      | Reached XP level 2. HP: 10/18 MP: 2/2
   468 | D:1      | Found a faded altar of an unknown god.
   626 | D:1      | Reached XP level 3. HP: 22/22 MP: 3/3
  1339 | D:2      | Reached skill level 6 in Crossbows
  1394 | D:2      | Reached XP level 4. HP: 27/27 MP: 4/4
  2305 | D:3      | Found a stormy altar of Qazlal.
  2634 | D:3      | Reached XP level 5. HP: 32/32 MP: 5/5
  2905 | D:3      | Noticed Sigmund
  2910 | D:3      | Killed Sigmund
  2911 | D:3      | Reached skill level 7 in Crossbows
  2911 | D:3      | Reached skill level 1 in Armour
  2911 | D:3      | Reached XP level 6. HP: 29/37 MP: 6/6
  3432 | D:3      | Noticed an ogre
  3436 | D:3      | Killed an ogre
  3437 | D:3      | Reached skill level 1 in Short Blades
  3437 | D:3      | Reached skill level 8 in Crossbows
  3437 | D:3      | Reached XP level 7. HP: 23/42 MP: 7/7
  4477 | D:4      | Noticed Eustachio
  4513 | D:4      | Gained mutation: You have an increased reservoir of magic.
                  | (+10% MP) [potion of mutation]
  4513 | D:4      | Gained mutation: You are weak. (Str -2) [potion of
                  | mutation]
  4513 | D:4      | Gained mutation: Your spells are a little harder to cast,
                  | but a little more powerful. [potion of mutation]
  4517 | D:4      | HP: 2/43 [Eustachio/+0 rapier (7)]
  4518 | D:4      | Identified 2 scrolls of acquirement
  4518 | D:4      | Acquired 1007 gold pieces
  4518 | D:4      | Slain by an orc

Illustrated notes

Levels and vault maps discovered:
D:1:      dpeg_arrival_three_same_balls, layout_rooms,
          ebering_ecumenical_altar_rust
D:2:      layout_basic
D:3:      layout_loops_ring, overflow_temple_1_default, minmay_hedge_maze,
          cheibrodos_gnoll_hut, uniq_sigmund
D:4:      layout_loops_ring, kennysheep_mini, old_standard_altar, uniq_eustachio

Skill      XL: |  1  2  3  4  5  6  7 |
---------------+----------------------+-----
Crossbows      | 5 6 7 8 |  8.3
Stealth        | 2 3 4 |  4.1
Fighting       | 3 4 |  4.0
Armour         | 1 |  1.6
Short Blades   | 1 |  1.0
Long Blades    | |  0.9
Dodging        | |  2.6

Action                   |  1- 3 |  4- 6 |  7- 9 || total
-------------------------+-------+-------+-------++-------
Melee: Short sword       |       |   153 |       ||   153
       Falchion          |       |     7 |    85 ||    92
 Fire: Hand crossbow     |    62 |    53 |    18 ||   133
  Use: Potion            |       |       |     6 ||     6
       Scroll            |       |       |     1 ||     1
 Stab: Distracted        |       |       |     1 ||     1
Armor: Ring mail         |       |     6 |    14 ||    20
       Leather armour    |       |     2 |       ||     2
       Plate armour      |       |       |    42 ||    42
Dodge: Dodged            |    13 |    33 |    42 ||    88
       Rpst.: Falchion   |       |     1 |     8 ||     9

Table legend: (Time is in decaauts)
 A = Elapsed time spent in this place.
 B = Non-inter-level travel time spent in this place.
 C = Inter-level travel time spent in this place.
 D = Time resting spent in this place.
 E = Time spent auto-exploring this place.
 F = Levels seen in this place.
 G = Mean time per level.
                   A        B        C        D        E       F      G
               +--------+--------+--------+--------+--------+-----+--------+
         Total |   4576 |   4276 |    300 |    149 |   3372 |   4 | 1144.0 |
       Dungeon |   4576 |   4276 |    300 |    149 |   3372 |   4 | 1144.0 |
               +--------+--------+--------+--------+--------+-----+--------+

Top non-repeatable levels by time:
     D:3: 1773 daAuts
     D:2: 1170 daAuts
     D:1: 983 daAuts
     D:4: 648 daAuts
